 Dungeon Crawl Stone Soup version 0.23-a0-586-gacb4b3f (webtiles) character file.

511 galech the Chopper (level 6, -3/48 HPs)
             Began as a Demonspawn Fighter on Dec 19, 2018.
             Slain by a wight
             ... wielding a +5 trident
              (5 damage)
             ... on level 4 of the Dungeon.
             The game lasted 00:03:43 (4352 turns).

galech the Chopper (Demonspawn Fighter)             Turns: 4352, Time: 00:03:44

Health: -3/48      AC:  8    Str: 16    XL:     6   Next: 99%
Magic:  6/6        EV:  5    Int: 10    God:
Gold:   134        SH: 13    Dex: 14    Spells: 5/5 levels left

rFire    . . .     SeeInvis .   a - +0 war axe
rCold    + . .     Gourm    .   t - +0 large shield
rNeg     . . .     Faith    .   b - +0 scale mail
rPois    .         Spirit   .   (no helmet)
rElec    .         Reflect  .   (no cloak)
rCorr    .         Harm     .   (no gloves)
MR       .....                  (no boots)
Stlth    ..........             (no amulet)
HPRegen  0.16/turn              k - ring of protection from cold
MPRegen  0.10/turn              (no ring)

@: drained
A: claws 2, molten scales 1
a: no special abilities


You were on level 4 of the Dungeon.
You were not hungry.

You visited 1 branch of the dungeon, and saw 4 of its levels.

You collected 134 gold pieces.

Inventory:

Hand Weapons
 a - a +0 war axe (weapon)
Armour
 b - a +0 scale mail (worn)
 t - a +0 large shield (worn)
Jewellery
 k - a ring of protection from cold (left claw)
Scrolls
 c - a scroll of magic mapping {unknown}
 e - 6 scrolls of identify {unknown}
 h - 4 scrolls of teleportation {unknown}
 i - 3 scrolls of enchant weapon {unknown}
 n - a scroll of fear {unknown}
 o - a scroll of fog {unknown}
 q - a scroll of immolation {unknown}
 s - a scroll of remove curse {unknown}
 u - a scroll of enchant armour {unknown}
 v - a scroll of amnesia {unknown}
Potions
 g - 2 potions of agility {unknown}
 j - a potion of brilliance {unknown}
 l - a potion of flight {unknown}
 m - 2 potions of heal wounds {unknown}
 p - 3 potions of curing {unknown}
 r - a potion of resistance {unknown}
Comestibles
 f - 12 rations


   Skills:
 + Level 4.0(3.4) Fighting
 + Level 4.6(3.9) Axes
 + Level 4.3(3.6) Armour
 + Level 1.2(0.6) Dodging
 + Level 0.2(0.0) Stealth
 + Level 3.5(2.9) Shields


You had 5 spell levels left.
You didn't know any spells.
Your spell library was empty.

Dungeon Overview and Level Annotations

Branches:
Dungeon (4/15)
 Temple: D:4-7

Altars:
Cheibriados
Wu Jian
Xom
The Shining One

Annotations:
D:3 3 runed doors, Lanoc's ghost, amateur GnMo


Innate Abilities, Weirdness & Mutations

You have very sharp fingernails.
You are partially covered in molten scales. (AC +2)


Message History

You feel drained.
You hit the wight.
You destroy the wight!
Your scale mail prevents you from hitting the wight.
You block the wight's attack. x3
The wight hits you with a +0 battleaxe.
* * * LOW HITPOINT WARNING * * *
You feel drained.
* * * LOW HITPOINT WARNING * * *
You block the wight's attack.
Things that are here:
a +0 war axe; a +0 robe You closely miss the wight.
You hit the wight. You block the wight's attack.
The wight hits you with a +5 trident.
* * * LOW HITPOINT WARNING * * *
You feel drained.
Your shield and scale mail prevent you from hitting the wight.
Your shield prevents you from hitting the wight.
You block the wight's attack. The wight hits you with a +5 trident.
You die...

#.# ##.###.# #.# ## #(#
#.# #.###.###### #.#
#.###.....>..... ###.#
#.............##
####...####.#######.###.#
#....[......# #.# #.#
#.##...###### #.# #.#
#........z####### #.# #.#
#.......)@z.....# #.# #..
#.........#####.# #.# #.#
####...#### #.# #.# #...#
### #...# ##.## #.


You could see 2 wights.

Vanquished Creatures
  An ogre (D:4)
  2 wights (D:4)
  A jelly (D:2)
  2 orc priests
  An orc wizard (D:4)
  A mummy (D:4)
  6 gnolls
  5 adders
  2 oozes
  3 worms
  4 dart slugs
  2 leopard geckos
  9 orcs
  4 giant cockroaches
  13 goblins
  4 hobgoblins
  3 jackals (D:3)
  2 quokkas
  5 ball pythons
  8 bats
  3 kobolds
  10 rats
91 creatures vanquished.

Notes
Turn   | Place    | Note
-------+----------+-------------------------------------------
     0 | D:1      | galech the Demonspawn Fighter began the quest for the Orb.
     0 | D:1      | Reached XP level 1. HP: 18/18 MP: 1/1
   122 | D:1      | Gained mutation: You are partially covered in molten
                  | scales. (AC +2) [demonic ancestry]
   122 | D:1      | Reached XP level 2. HP: 19/24 MP: 2/2
   486 | D:1      | Reached XP level 3. HP: 27/29 MP: 3/3
  1212 | D:2      | Gained mutation: You have sharp fingernails. [demonic
                  | ancestry]
  1212 | D:2      | Reached XP level 4. HP: 24/35 MP: 4/4
  1720 | D:3      | Found a faded altar of an unknown god.
  1868 | D:2      | HP: 1/35 [gnoll (2)]
  2663 | D:2      | Reached XP level 5. HP: 19/41 MP: 5/5
  3427 | D:3      | Found a glowing golden altar of the Shining One.
  3428 | D:3      | Found an ornate altar of the Wu Jian Council.
  3455 | D:3      | Found a runed gate.
  3455 | D:3      | Found a runed gate.
  3455 | D:3      | Found a runed gate.
  3555 | D:3      | Noticed Lanoc's ghost (amateur GnMo)
  3688 | D:3      | Found a shimmering altar of Xom.
  3818 | D:4      | Noticed an ogre
  3822 | D:4      | Gained mutation: You have very sharp fingernails. [demonic
                  | ancestry]
  3822 | D:4      | Reached XP level 6. HP: 32/48 MP: 6/6
  3823 | D:4      | Reached skill level 1 in Dodging
  4219 | D:4      | Found a snail-covered altar of Cheibriados.
  4351 | D:4      | HP: 1/48 [wight/+5 trident (4)]
  4352 | D:4      | Slain by a wight

Vault maps used:
D:1:      dpeg_arrival_tiny_a, minivault_11
D:2:      chequers_serial_rivers_micro_a, minmay_misc_feat_secret_circle
D:3:      gammafunk_temple_overflow_statue, tgw_xom,
          chequers_ecumenical_altar_simple, first_ration, gammafunk_ghost_icy
D:4:      minmay_recursive_quarters, ebering_ghost_sewer_d,
          chequers_mini_garden, chei_slow_surprise

Skill      XL: |  1  2  3  4  5  6 |
---------------+-------------------+-----
Armour         | 3 4 |  4.3
Axes           | 2 3 4 |  4.6
Shields        | 3 |  3.5
Dodging        | 1 |  1.2
Fighting       | 4 |  4.0
Stealth        | |  0.2

Action                   |  1- 3 |  4- 6 || total
-------------------------+-------+-------++-------
Melee: War axe           |   126 |   191 ||   317
  Use: Potion            |       |     1 ||     1
  Eat: Chunk             |     1 |    11 ||    12
Armor: Scale mail        |    78 |    66 ||   144
Dodge: Dodged            |    38 |    37 ||    75
Block: Shield            |    78 |    16 ||    94
       Large shield      |       |   129 ||   129

Table legend:
 A = Non-vault XP
 B = Vault XP
 C = Vault XP percentage of total XP
 D = Non-vault monster count
 E = Vault monster count
 F = Vault count percentage of total count
                 A         B        C        D         E       F
            +---------+---------+-------+---------+---------+-------
      Total |     713 |      18 |   2.5 |      90 |       1 |   1.1
            +---------+---------+-------+---------+---------+-------
        D:1 |      42 |       0 |   0.0 |      23 |       0 |   0.0
        D:2 |     148 |       0 |   0.0 |      27 |       0 |   0.0
        D:3 |     184 |       0 |   0.0 |      29 |       0 |   0.0
        D:4 |     339 |      18 |   5.0 |      11 |       1 |   8.3
            +---------+---------+-------+---------+---------+-------
